AoeStats
← prontoelpibe

Black Forest

503164946Analyzed
2v2 RM · 1mo ago on Aug 30, 2026· 78m 28s· 4 players
Game mode
Random Map
Map size
Medium (4 player)
Population
200
Speed
Normal
Resources
Standard
Victory
Conquest
Starting age
Dark Age
Ending age
Imperial Age
RankedLock teamsTeams togetherTeam positionsShared explorationLock speedFull tech treeHidden civsTurbo modeCheats
Victory
Defeat
🇨🇿 Teutons · Czechia
588
+16
🇮🇳 Khmer · India
583
+16
🇿🇦 Portuguese · South Africa
641
-34
🇺🇾 Italians · Uruguay
516
-13
Frog 2nd
14:13 Feudal Age
15:35 Wheelbarrow
14:43 Horse Collar
14:54 Double-Bit Axe
18:48 Castle Age
16:57 Stone Mining
17:14 Gold Mining
20:01 Hand Cart
19:50 Heavy Plow
20:02 Bow Saw
24:03 Loom
24:07 Town Watch
31:10 Imperial Age
29:24 Fletching
30:16 Ironclad
29:20 Man-at-Arms
29:46 Gambesons
29:48 Arson
30:13 Long Swordsman
30:14 Pikeman
30:54 Squires
31:08 Forging
31:08 Crossbowman
31:09 Elite Skirmisher
31:20 Capped Ram
32:07 Scale Mail Armor
33:24 Crop Rotation
34:07 Two-Man Saw
34:28 Conscription
34:32 Crenellations
35:40 Conscription
35:27 Elite Teutonic Knight
38:22 Chemistry
37:28 Siege Engineers
37:09 Arrowslits
37:45 Ballistics
37:36 Masonry
37:37 Fortified Wall
38:06 Iron Casting
38:36 Caravan
39:07 Coinage
38:47 Guilds
38:47 Scale Barding Armor
40:21 Hoardings
39:56 Town Patrol
40:14 Padded Archer Armor
40:10 Onager
41:14 Bloodlines
40:41 Cavalier
42:40 Paladin
44:14 Banking
45:48 Blast Furnace
45:04 Chain Mail Armor
45:09 Chain Barding Armor
45:05 Leather Archer Armor
44:46 Bodkin Arrow
45:10 Siege Onager
45:19 Two-Handed Swordsman
48:13 Plate Mail Armor
47:09 Heavy Scorpion
50:56 Plate Barding Armor
50:52 Ring Archer Armor
52:16 Champion
52:16 Halberdier
71:38 Bombard Tower
Incognito3597
1:42 Loom
11:49 Feudal Age
13:11 Wheelbarrow
13:21 Double-Bit Axe
20:56 Castle Age
20:07 Gold Mining
20:01 Horse Collar
19:50 Man-at-Arms
21:39 Stone Mining
22:14 Bow Saw
22:22 Hand Cart
22:08 Heavy Plow
22:13 Caravan
24:45 Stone Shaft Mining
24:49 Gold Shaft Mining
31:00 Imperial Age
31:02 Elite Skirmisher
32:03 Husbandry
32:14 Bloodlines
31:26 Light Cavalry
33:18 Town Watch
34:34 Hussar
36:00 Town Patrol
35:54 Fletching
36:14 Forging
36:05 Scale Mail Armor
36:10 Scale Barding Armor
36:06 Padded Archer Armor
38:14 Elite Ballista Elephant
39:03 Double Crossbow
39:07 Tusk Swords
39:28 Conscription
41:02 Hoardings
40:28 Bodkin Arrow
42:02 Crop Rotation
44:18 Elite Battle Elephant
48:56 Illumination
49:07 Theocracy
48:27 Herbal Medicine
48:43 Fervor
48:54 Sanctity
prontoelpibe
1:12 Loom
14:22 Feudal Age
14:54 Double-Bit Axe
22:10 Castle Age
21:15 Horse Collar
22:08 Stone Mining
22:30 Gold Mining
22:47 Padded Archer Armor
35:11 Imperial Age
37:02 Chemistry
37:34 Conscription
38:57 Ballistics
38:52 Fortified Wall
43:54 Caravan
47:05 Leather Archer Armor
47:28 Silk Road
48:53 Pirotechnia
49:41 Onager
52:21 Ring Archer Armor
55:43 Bloodlines
61:46 Light Cavalry
61:50 Cavalier
64:51 Fletching
66:18 Hussar
73:58 Bombard Tower
johnichov
6:46 Loom
17:04 Feudal Age
21:53 Castle Age
21:17 Horse Collar
21:27 Double-Bit Axe
21:36 Gold Mining
21:36 Stone Mining
21:42 Arson
21:18 Man-at-Arms
24:22 Caravan
24:58 Coinage
27:07 Husbandry
27:18 Bloodlines
28:37 Bow Saw
34:41 Imperial Age
32:53 Wheelbarrow
32:06 Town Watch
34:20 Scale Barding Armor
34:16 Scale Mail Armor
34:26 Forging
34:07 Fletching
34:17 Padded Archer Armor
34:09 Gambesons
34:24 Guard Tower
35:40 Heavy Plow
36:15 Chain Barding Armor
36:10 Chain Mail Armor
38:40 Crop Rotation
37:45 Pikeman
37:46 Long Swordsman
39:11 Plate Barding Armor
38:52 Chain Mail Armor
39:37 Cavalier
44:15 Two-Man Saw
44:48 Circumnavigation
44:09 Elite Organ Gun
44:50 Arquebus
47:02 Hand Cart
46:48 Town Patrol
47:58 Chemistry
47:09 Fortified Wall
46:40 Treadmill Crane
47:22 Ballistics
51:43 Bombard Tower
51:58 Keep
51:14 Heated Shot
51:20 Murder Holes
51:36 Masonry
51:46 Leather Archer Armor
52:16 Siege Engineers
53:49 Ring Archer Armor
53:14 Bodkin Arrow
53:35 Chain Mail Armor
53:55 Iron Casting
52:52 Onager
61:58 Sappers
62:48 Conscription
Connection lost

Rejoining the realm…

Still unreachable

The connection could not be restored.

Session expired

The server has moved on; the page needs a fresh start.